 Dungeon Crawl Stone Soup version 0.31.0-2-g5a2aebc5c2 (webtiles) character file.

Game seed: 1007415263105505671

53 runemasterragnar the Trooper (level 3, -2/30 HPs)
             Began as a Merfolk Fighter on Jan 20, 2024.
             Slain by a gnoll
             ... wielding a +0 whip
              (3 damage)
             ... on level 2 of the Dungeon.
             The game lasted 00:01:47 (1236 turns).

runemasterragnar the Trooper (Merfolk Fighter)      Turns: 1236, Time: 00:01:47

Health: -2/30      AC:  6    Str: 16    XL:     3   Next: 89%
Magic:  3/3        EV:  8    Int:  9    God:
Gold:   11         SH:  4    Dex: 13    Spells: 1/2 levels left

rFire   . . .        a - +0 trident
rCold   . . .        c - +0 buckler
rNeg    . . .        b - +0 scale mail
rPois   .            (no helmet)
rElec   .            (no cloak)
rCorr   .            (no gloves)
SInv    .            (no boots)
Will    .....        (no amulet) Stlth
                     (no ring)
HPRegen 0.25/turn    (no ring)
MPRegen 0.08/turn

%: no passive effects
@: no status effects
A: (nimble swimmer 2), mertail
a: no special abilities


You were on level 2 of the Dungeon.
You visited 1 branch of the dungeon, and saw 2 of its levels.

You collected 11 gold pieces.

Inventory:

Hand Weapons
 a - a +0 trident (weapon)
Armour
 b - a +0 scale mail (worn)
 c - a +0 buckler (worn)
Jewellery
 e - a ring of resist corrosion
Scrolls
 f - a scroll of fear {unknown}
 g - 2 scrolls of poison {unknown}
 h - a scroll of silence {unknown}
Potions
 d - a potion of might


   Skills:
 * Level 4.0 Fighting
 * Level 3.8 Polearms
 + Level 2.3 Armour
 + Level 3.3 Shields


You had one spell level left.
You knew the following spells:

 Your Spells              Type           Power      Damage    Failure   Level
a - Freeze                Ice            0%         1d3       88%         1

Your spell library contained the following spells:

 Spells                   Type           Power      Damage    Failure   Level
 Sting                    Conj/Alch      0%         1d3       88%         1
 Mercury Vapours          Alch/Air       0%         N/A       96%         2
 Frozen Ramparts          Ice            0%         1d1       99%         3
 Hailstorm                Conj/Ice       0%         3d5       99%         3
 Olgreb's Toxic Radiance  Alch           0%         N/A       100%        4


Dungeon Overview and Level Annotations

Branches:
Dungeon (2/15)

Altars:

Shops:
D:2 *


Innate Abilities, Weirdness & Mutations

((You are very nimble when in or above water. (Stealth+, EV+, Speed+++)))
Your lower body shifts to a powerful aquatic tail in water.


Message History

The gnoll hits you with a +0 halberd.
Things that are here:
a +0 flail; a gnoll corpse You puncture the gnoll!
The gnoll is heavily wounded.
The gnoll closely misses you.
Unknown command.
You barely miss the gnoll.
The gnoll is heavily wounded.
The gnoll hits you with a +0 halberd!
* * * LOW HITPOINT WARNING * * *
You completely miss the gnoll.
The gnoll is heavily wounded.
The gnoll hits you but does no damage. The gnoll hits you with a +0 halberd.
* * * LOW HITPOINT WARNING * * *
You barely miss the gnoll.
The gnoll is heavily wounded.
The gnoll closely misses you.
Okay, then.
You puncture the gnoll!
You kill the gnoll!
Your Fighting skill increases to level 4!
You see here a +0 trident.
The gnoll hits you with a +0 whip.
* * * LOW HITPOINT WARNING * * *
You hit the gnoll.
The gnoll is lightly wounded.
You block the gnoll's attack.
You hit the gnoll.
The gnoll is moderately wounded.
The gnoll barely misses you.
You closely miss the gnoll.
The gnoll is moderately wounded.
The gnoll hits you with a +0 whip.
* * * LOW HITPOINT WARNING * * *
A gnoll comes into view. It is wielding a +0 halberd.
You hit the gnoll.
The gnoll is severely wounded.
The gnoll barely misses you. The gnoll hits you with a +0 whip.
You die...

#.#### #.# #....# #<#
#.##.# #.# #.##.# #.#
#.##.# #.#
#.##.######.# #
#.##........#######..
##.###########....))..
#....@g.)g.# #.#####.∩
##########.###.# .
#.##..#####
#.##g#....#
#.#..#....#
#...##....#
#..###....# #.##
#....# ...# #....#


You could see 2 gnolls.

Vanquished Creatures
  2 gnolls (D:2)
  A ball python (D:1)
  3 bats (D:1)
  2 endoplasms (D:1)
  2 giant cockroaches (D:1)
  3 goblins (D:1)
  3 hobgoblins (D:1)
  3 jackals (D:1)
  2 frilled lizards (D:1)
  7 kobolds (D:1)
  3 rats (D:1)
31 creatures vanquished.

Notes
Turn   | Place    | Note
-------+----------+-------------------------------------------
     0 | D:1      | runemasterragnar the Merfolk Fighter began the quest for
                  | the Orb.
     0 | D:1      | Reached XP level 1. HP: 18/18 MP: 1/1
    79 | D:1      | Reached XP level 2. HP: 24/24 MP: 2/2
   103 | D:1      | Learned a level 1 spell: Freeze
   424 | D:1      | Reached XP level 3. HP: 29/30 MP: 3/3
  1198 | D:2      | Found Liahoxun's General Store.
  1213 | D:2      | Reached skill level 4 in Fighting
  1235 | D:2      | HP: 1/30 [gnoll/+0 whip (6)]
  1236 | D:2      | Slain by a gnoll

Illustrated notes

Levels and vault maps discovered:
D:1:      mushboom_english_gardens, layout_basic
D:2:      layout_basic, serial_shops, shop, uniq_terence

Skill      XL: |  1  2  3 |
---------------+----------+-----
Polearms       | 3 |  3.8
Fighting       | 4 |  4.0
Armour         | |  2.3
Shields        | |  3.3

Action                     || total
---------------------------++-------
  Melee: Trident           ||   104
 Armour: Scale mail        ||    65
  Dodge: Dodged            ||    43
  Block: Buckler           ||    25
